IL
ROUND ROCK EXPRESS @ TACOMA RAINIERS
09/04/2046
 
TOP OF THE 1ST
Round Rock Express batting - Pitching for Tacoma Rainiers : LHP Aidan Smith
Pitching: LHP Aidan Smith
Batting: RHB Casey Semenza 0-0: Called Strike
0-1: Called Strike
0-2: Strikes out swinging
Batting: RHB Jason Sher 0-0: Bunted foul
0-1: Foul Ball, location: 2F
0-2: Fly out, F9 (Flyball, 89S, EV 83.8 MPH)
Batting: RHB Bobby Keithley 0-0: Ball
1-0: Ball
2-0: Called Strike
2-1: Ball
3-1: Base on Balls
Batting: LHB Josh Cook 0-0: Called Strike
0-1: Swinging Strike
0-2: Ball
1-2: DOUBLE (Groundball, 5L, EV 98.8 MPH)
Bobby Keithley to third
Bobby Keithley scores
Batting: RHB Carlos Lopez 0-0: Ball
1-0: Ground out 6-3 (Groundball, 56, EV 85.0 MPH)
Top of the 1st over - 1 run, 1 hit, 0 errors, 1 left on base; Round Rock 1 - Tacoma 0
BOTTOM OF THE 1ST
Tacoma Rainiers batting - Pitching for Round Rock Express : RHP Johnny Munoz
Pitching: RHP Johnny Munoz
Batting: RHB Brad Robidas 0-0: SINGLE (Flyball, 4D, EV 93.1 MPH)
Batting: RHB Kikuo Sato 0-0: Called Strike
Brad Robidas steals 2nd base
0-1: Called Strike
0-2: Ball
1-2: Strikes out looking
Batting: LHB Ryan Lowe 0-0: Fly out, F7 (Flyball, 7, EV 85.0 MPH)
Batting: LHB Caleb Domino 0-0: Foul Ball, location: 2F
0-1: Called Strike
0-2: Ball
1-2: Foul Ball, location: 2F
1-2: Ball
2-2: Ball
3-2: Base on Balls
Batting: SHB Nelson Powell 0-0: Ball
Wild Pitch!
Brad Robidas to third
Caleb Domino to second
1-0: Called Strike
1-1: Ground out U3 (Groundball, 3, EV 85.6 MPH)
Bottom of the 1st over - 0 runs, 1 hit, 0 errors, 2 left on base; Round Rock 1 - Tacoma 0
TOP OF THE 2ND
Round Rock Express batting - Pitching for Tacoma Rainiers : LHP Aidan Smith
Batting: LHB Josh Stuck 0-0: Ball
1-0: Ball
2-0: Called Strike
2-1: Swinging Strike
2-2: Ball
3-2: Fly out, F8 (Flyball, 8RM, EV 83.8 MPH)
Batting: LHB Jeff Densmore 0-0: Called Strike
0-1: Foul Ball, location: 2F
0-2: Ball
1-2: Ball
2-2: Ball
3-2: Ground out 5-3 (Groundball, 56S, EV 66.2 MPH)
Batting: RHB Dale Aubrey 0-0: Swinging Strike
0-1: Ball
1-1: Ball
2-1: Ball
3-1: Called Strike
3-2: Foul Ball, location: 2F
3-2: Base on Balls
Batting: SHB Greg Prime 0-0: Ball
Dale Aubrey steals 2nd, throwing error, E2
Dale Aubrey to third
1-0: Called Strike
1-1: Foul Ball, location: 2F
1-2: Ground out 5-3 (Groundball, 5, EV 85.6 MPH)
Top of the 2nd over - 0 runs, 0 hits, 1 error, 1 left on base; Round Rock 1 - Tacoma 0
BOTTOM OF THE 2ND
Tacoma Rainiers batting - Pitching for Round Rock Express : RHP Johnny Munoz
Batting: RHB Tatsunori Hayakawa 0-0: Swinging Strike
0-1: Swinging Strike
0-2: Strikes out swinging
Batting: RHB Kevin Chafe 0-0: Ball
1-0: Foul Ball, location: 2F
1-1: Foul Ball, location: 2F
1-2: Ball
2-2: Ball
3-2: Strikes out swinging
Batting: RHB David Aguilar 0-0: Foul Ball, location: 2F
0-1: Foul Ball, location: 2F
0-2: Strikes out looking
Bottom of the 2nd over - 0 runs, 0 hits, 0 errors, 0 left on base; Round Rock 1 - Tacoma 0
TOP OF THE 3RD
Round Rock Express batting - Pitching for Tacoma Rainiers : LHP Aidan Smith
Batting: RHB Casey Semenza 0-0: Ball
1-0: Foul Ball, location: 2F
1-1: Called Strike
1-2: Strikes out swinging
Batting: RHB Jason Sher 0-0: Called Strike
0-1: Foul Ball, location: 2F
0-2: Foul Ball, location: 2F
0-2: Ball
1-2: Ball
2-2: Strikes out swinging passed ball, reaches first!
Batting: RHB Bobby Keithley 0-0: Ball
1-0: Ball
2-0: Swinging Strike
2-1: Ball
3-1: Fly out, F9 (Flyball, 9S, EV 97.5 MPH)
Batting: LHB Josh Cook 0-0: Called Strike
0-1: Ball
Jason Sher steals 2nd base (no throw)
1-1: Swinging Strike
1-2: Ball
2-2: Ball
3-2: Strikes out swinging
Top of the 3rd over - 0 runs, 0 hits, 0 errors, 1 left on base; Round Rock 1 - Tacoma 0
BOTTOM OF THE 3RD
Tacoma Rainiers batting - Pitching for Round Rock Express : RHP Johnny Munoz
Batting: LHB Ignacio Bernal 0-0: Swinging Strike
0-1: Ball
1-1: Ground out 4-3 (Groundball, 4S, EV 66.9 MPH)
Batting: RHB Brad Robidas 0-0: Ground out 5-3 (Groundball, 56S, EV 86.2 MPH)
Batting: RHB Kikuo Sato 0-0: Ball
1-0: Ball
2-0: Called Strike
2-1: SINGLE (Groundball, 25, EV 63.8 MPH) (infield hit)
Batting: LHB Ryan Lowe 0-0: Ball
1-0: Ball
2-0: Foul Ball, location: 2F
2-1: Called Strike
Kikuo Sato steals 2nd base
2-2: Ground out U3 (Groundball, 3, EV 99.4 MPH)
Bottom of the 3rd over - 0 runs, 1 hit, 0 errors, 1 left on base; Round Rock 1 - Tacoma 0
TOP OF THE 4TH
Round Rock Express batting - Pitching for Tacoma Rainiers : LHP Aidan Smith
Batting: RHB Carlos Lopez 0-0: Called Strike
0-1: SINGLE (Groundball, 56S, EV 73.8 MPH) (infield hit)
Batting: LHB Josh Stuck 0-0: Ball
1-0: Ball
Wild Pitch!
Carlos Lopez to second
2-0: SINGLE (Groundball, 4MD, EV 103.1 MPH)
Carlos Lopez to third
Runner from 3rd tries for Home, SAFE, throw by CF to home
Batting: LHB Jeff Densmore 0-0: Ball
1-0: Called Strike
Josh Stuck is caught stealing 2nd base 2-6
1-1: Ball
2-1: Ball
3-1: Ground out 4-3 (Groundball, 4, EV 93.1 MPH)
Batting: RHB Dale Aubrey 0-0: Called Strike
0-1: Ball
1-1: Ball
2-1: Swinging Strike
2-2: Foul Ball, location: 2F
2-2: Foul Ball, location: 2F
2-2: Foul Ball, location: 2F
2-2: Ball
3-2: Base on Balls
Batting: SHB Greg Prime 0-0: Ball
1-0: Swinging Strike
1-1: Ball
2-1: Foul Ball, location: 2F
2-2: Foul Ball, location: 2F
2-2: Strikes out swinging
Top of the 4th over - 1 run, 2 hits, 0 errors, 1 left on base; Round Rock 2 - Tacoma 0
BOTTOM OF THE 4TH
Tacoma Rainiers batting - Pitching for Round Rock Express : RHP Johnny Munoz
Batting: LHB Caleb Domino 0-0: Ball
1-0: SINGLE (Line Drive, 7S, EV 91.9 MPH)
Batting: SHB Nelson Powell 0-0: Called Strike
Caleb Domino steals 2nd base
0-1: Called Strike
0-2: Strikes out swinging
Batting: RHB Tatsunori Hayakawa 0-0: Called Strike
0-1: SINGLE (Groundball, 56S, EV 71.2 MPH) (infield hit)
Caleb Domino to third
Batting: RHB Kevin Chafe 0-0: Ball
1-0: Called Strike
1-1: Ball
2-1: Foul Ball, location: 2F
2-2: Strikes out swinging
Batting: RHB David Aguilar 0-0: Fielders Choice at 2nd, U4 (Groundball, 4M, EV 107.5 MPH)
Bottom of the 4th over - 0 runs, 2 hits, 0 errors, 2 left on base; Round Rock 2 - Tacoma 0
TOP OF THE 5TH
Round Rock Express batting - Pitching for Tacoma Rainiers : LHP Aidan Smith
Batting: RHB Casey Semenza 0-0: Ball
1-0: Foul Ball, location: 2F
1-1: Ball
2-1: Foul Ball, location: 2F
2-2: Foul Ball, location: 2F
2-2: Ball
3-2: Foul Ball, location: 2F
3-2: Base on Balls
Batting: RHB Jason Sher 0-0: Ball
1-0: Ball
2-0: Ball
3-0: Called Strike
3-1: Base on Balls
Casey Semenza to second
Batting: RHB Bobby Keithley 0-0: Ball
1-0: Fielders Choice at 2nd, 6-4 (Groundball, 6M, EV 85.0 MPH)
Casey Semenza to third
Batting: LHB Josh Cook 0-0: Called Strike
0-1: Called Strike
0-2: Ball
1-2: 3-RUN HOME RUN (Flyball, 89XD, EV 105.6 MPH), Distance : 417 ft
Pitching: RHP Justin Wilkins
Batting: RHB Carlos Lopez 0-0: Swinging Strike
0-1: Swinging Strike
0-2: Foul Ball, location: 2F
0-2: Strikes out swinging
Batting: LHB Josh Stuck 0-0: Ball
1-0: Ball
2-0: Foul Ball, location: 2F
2-1: Ball
3-1: Foul Ball, location: 2F
3-2: Fly out, F3 (Line Drive, 3L, EV 101.2 MPH)
Top of the 5th over - 3 runs, 1 hit, 0 errors, 0 left on base; Round Rock 5 - Tacoma 0
BOTTOM OF THE 5TH
Tacoma Rainiers batting - Pitching for Round Rock Express : RHP Johnny Munoz
Batting: LHB Ignacio Bernal 0-0: Ground out 4-3 (Groundball, 4, EV 82.5 MPH)
Batting: RHB Brad Robidas 0-0: Called Strike
0-1: Foul Ball, location: 2F
0-2: Ball
1-2: Strikes out swinging
Batting: RHB Kikuo Sato 0-0: Called Strike
0-1: Foul Ball, location: 2F
0-2: Ball
1-2: Fly out, F9 (Line Drive, 9S, EV 94.4 MPH)
Bottom of the 5th over - 0 runs, 0 hits, 0 errors, 0 left on base; Round Rock 5 - Tacoma 0
TOP OF THE 6TH
Round Rock Express batting - Pitching for Tacoma Rainiers : RHP Justin Wilkins
Batting: LHB Jeff Densmore 0-0: Ball
1-0: Ball
2-0: Fly out, F7 (Flyball, 7D, EV 97.5 MPH)
Batting: RHB Dale Aubrey 0-0: Ball
1-0: Ball
2-0: Ball
3-0: Ground out 6-3 (Groundball, P, EV 85.0 MPH)
Batting: SHB Greg Prime 0-0: Ball
1-0: Ball
2-0: Ball
3-0: Called Strike
3-1: Base on Balls
Batting: RHB Casey Semenza 0-0: Ball
Greg Prime steals 2nd base
1-0: Ball
2-0: Ball
3-0: Foul Ball, location: 2F
3-1: Fly out, F7 (Flyball, 7S, EV 92.5 MPH)
Top of the 6th over - 0 runs, 0 hits, 0 errors, 1 left on base; Round Rock 5 - Tacoma 0
BOTTOM OF THE 6TH
Tacoma Rainiers batting - Pitching for Round Rock Express : RHP Johnny Munoz
Batting: LHB Ryan Lowe 0-0: Called Strike
0-1: Ball
1-1: Ball
2-1: Ball
3-1: Called Strike
3-2: Ground out 5-3 (Groundball, 5, EV 81.9 MPH)
Batting: LHB Caleb Domino 0-0: Called Strike
0-1: Foul Ball, location: 2F
0-2: Ball
1-2: Ball
2-2: Ball
3-2: Base on Balls
Batting: SHB Nelson Powell 0-0: Called Strike
0-1: Called Strike
0-2: Ball
1-2: Foul Ball, location: 2F
1-2: Fielders Choice at 2nd, 5-4 (Groundball, 5, EV 96.9 MPH)
Batting: RHB Tatsunori Hayakawa 0-0: Ball
1-0: Swinging Strike
1-1: SINGLE (Line Drive, 8LS, EV 103.8 MPH)
Nelson Powell to second
Batting: RHB Kevin Chafe 0-0: Ball
1-0: Ball
2-0: Ball
3-0: Called Strike
3-1: Foul Ball, location: 2F
3-2: Strikes out looking
Bottom of the 6th over - 0 runs, 1 hit, 0 errors, 2 left on base; Round Rock 5 - Tacoma 0
TOP OF THE 7TH
Round Rock Express batting - Pitching for Tacoma Rainiers : RHP Justin Wilkins
Batting: RHB Jason Sher 0-0: Ball
1-0: Ball
2-0: TRIPLE (Flyball, 9LD, EV 95.6 MPH)
Pitching: RHP Willie Sanchez
Batting: RHB Bobby Keithley 0-0: Fly out, F4 (Popup, 4S, EV 77.5 MPH)
Batting: LHB Josh Cook 0-0: Called Strike
0-1: Foul Ball, location: 2F
0-2: Strikes out looking
Batting: RHB Carlos Lopez 0-0: Called Strike
0-1: Foul Ball, location: 2F
0-2: Foul Ball, location: 2F
0-2: Foul Ball, location: 2F
0-2: Ball
1-2: Strikes out swinging
Top of the 7th over - 0 runs, 1 hit, 0 errors, 1 left on base; Round Rock 5 - Tacoma 0
BOTTOM OF THE 7TH
Tacoma Rainiers batting - Pitching for Round Rock Express : RHP Johnny Munoz
Pitching: RHP Victor Nunez
Now in LF: Dale Aubrey
Now in CF: Rodolfo Contreras
Now in RF: Josh Cook
Batting: RHB David Aguilar 0-0: Called Strike
0-1: Foul Ball, location: 2F
0-2: Ball
1-2: Foul Ball, location: 2F
1-2: Strikes out looking
Batting: LHB Ignacio Bernal 0-0: Foul Ball, location: 2F
0-1: Fly out, F8 (Flyball, 8LM, EV 91.2 MPH)
Batting: RHB Brad Robidas 0-0: Ball
1-0: Called Strike
1-1: DOUBLE (Flyball, 89D, EV 109.4 MPH)
Batting: RHB Kikuo Sato 0-0: Ball
1-0: Called Strike
1-1: Ball
2-1: DOUBLE (Groundball, 5L, EV 100.6 MPH)
Brad Robidas scores
Batting: LHB Ryan Lowe 0-0: Called Strike
0-1: Foul Ball, location: 2F
0-2: Ball
1-2: Strikes out swinging
Bottom of the 7th over - 1 run, 2 hits, 0 errors, 1 left on base; Round Rock 5 - Tacoma 1
TOP OF THE 8TH
Round Rock Express batting - Pitching for Tacoma Rainiers : RHP Willie Sanchez
Batting: LHB Josh Stuck 0-0: Ball
1-0: Ball
2-0: Called Strike
2-1: Called Strike
2-2: Ball
3-2: Base on Balls
Batting: LHB Jeff Densmore 0-0: Ball
1-0: Foul Ball, location: 2F
1-1: Ball
2-1: Ball
3-1: Called Strike
3-2: Strikes out looking
Josh Stuck is caught stealing 2nd base 2-6
Batter strikes out.
Batting: RHB Dale Aubrey 0-0: Fly out, F9 (Flyball, 89S, EV 83.1 MPH)
Top of the 8th over - 0 runs, 0 hits, 0 errors, 0 left on base; Round Rock 5 - Tacoma 1
BOTTOM OF THE 8TH
Tacoma Rainiers batting - Pitching for Round Rock Express : RHP Victor Nunez
Batting: LHB Caleb Domino 0-0: Ball
1-0: Ground out 6-3 (Groundball, 6, EV 87.5 MPH)
Batting: SHB Nelson Powell 0-0: Foul Ball, location: 2F
0-1: Swinging Strike
0-2: Strikes out looking
Batting: RHB Tatsunori Hayakawa 0-0: Called Strike
0-1: Ball
1-1: Ball
2-1: SINGLE (Line Drive, 34, EV 100.0 MPH)
Batting: RHB Kevin Chafe 0-0: Called Strike
0-1: Fielders Choice at 2nd, 5-4 (Groundball, 5, EV 99.4 MPH)
Bottom of the 8th over - 0 runs, 1 hit, 0 errors, 1 left on base; Round Rock 5 - Tacoma 1
TOP OF THE 9TH
Round Rock Express batting - Pitching for Tacoma Rainiers : RHP Willie Sanchez
Batting: SHB Greg Prime 0-0: Ball
1-0: Foul Ball, location: 2F
1-1: Ball
2-1: Fly out, F4 (Line Drive, 4, EV 66.2 MPH)
Batting: RHB Rodolfo Contreras 0-0: Ball
1-0: Foul Ball, location: 2F
1-1: Called Strike
1-2: Strikes out swinging
Batting: RHB Jason Sher 0-0: Ball
1-0: Ground out 6-3 (Groundball, 6S, EV 64.4 MPH)
Top of the 9th over - 0 runs, 0 hits, 0 errors, 0 left on base; Round Rock 5 - Tacoma 1
BOTTOM OF THE 9TH
Tacoma Rainiers batting - Pitching for Round Rock Express : RHP Victor Nunez
Batting: RHB David Aguilar 0-0: Called Strike
0-1: Ball
1-1: Foul Ball, location: 2F
1-2: Strikes out swinging
Batting: LHB Ignacio Bernal 0-0: Called Strike
0-1: Foul Ball, location: 2F
0-2: Ball
1-2: Fly out, F8 (Flyball, 8RD, EV 100.6 MPH)
Batting: RHB Brad Robidas 0-0: Ball
1-0: Ball
2-0: Called Strike
2-1: Foul Ball, location: 2F
2-2: Ground out 5-3 (Groundball, 56, EV 88.1 MPH)
Bottom of the 9th over - 0 runs, 0 hits, 0 errors, 0 left on base; Round Rock 5 - Tacoma 1
Tuesday, September 13th , 2022 - OOTP Baseball 23.7 Build 88